 Dungeon Crawl Stone Soup version 0.30-a0-711-gf4ac18a38d (webtiles) character file.

Game seed: 10718130724264992554

326 Sabo the Conjurer (level 6, -1/37 HPs)
             Began as an Octopode Conjurer on Jan 22, 2023.
             Was a Believer of Vehumet.
             Slain by a gnoll
             ... wielding a +0 flail
              (11 damage)
             ... on level 2 of the Dungeon.
             The game lasted 00:17:16 (2695 turns).

Sabo the Conjurer (Octopode Conjurer)               Turns: 2695, Time: 00:17:16

Health: -1/37      AC:  1    Str:  6    XL:     6   Next: 49%
Magic:  10/10      EV: 13    Int: 23    God:    Vehumet [**....]
Gold:   100        SH:  0    Dex: 10    Spells: 9/11 levels left

rFire   . . .      SeeInvis .    c - staff of conjuration
rCold   . . .      Faith    .    (no shield)
rNeg    . . .      Spirit   .    (helmet restricted)
rPois   .          Reflect  .    (no amulet)
rElec   .          Harm     .    (no ring)
rCorr   .          Rampage  .    (no ring)
Will    .....                    (no ring)
Stlth   +++                      (no ring)
HPRegen 0.26/turn                (no ring)
MPRegen 0.12/turn                (no ring)
                                 (no ring)
                                 (no ring)

@: no status effects
A: almost no armour, amphibious, 8 rings, camouflage 1, gelatinous body 1,
(nimble swimmer 1), tentacles
a: Renounce Religion


You were on level 2 of the Dungeon.
You worshipped Vehumet.
Vehumet was pleased with you.
You visited 1 branch of the dungeon, and saw 2 of its levels.

You collected 100 gold pieces.

Inventory:

Hand Weapons
 a - a +0 scythe
 h - a +0 mace
 k - a +0 short sword of venom
 m - a +0 sling
 n - a +0 glaive
Missiles
 f - 3 poisoned darts (quivered)
Magical Staves
 c - a staff of conjuration (weapon)
Wands
 i - a wand of polymorph (10)
Scrolls
 b - a scroll of teleportation
 e - a scroll of vulnerability {unknown}
Potions
 d - a potion of heal wounds {unknown}
 g - a potion of curing {unknown}
 j - a potion of mutation {unknown}
 l - a potion of might {unknown}


   Skills:
 + Level 0.3 Fighting
 + Level 0.4 Staves
 + Level 2.9 Dodging
 + Level 3.8 Stealth
 + Level 3.2 Spellcasting
 + Level 6.1 Conjurations
 + Level 0.6 Fire Magic


You had 9 spell levels left.
You knew the following spells:

 Your Spells              Type           Power      Damage    Failure   Level
a - Magic Dart            Conj           100%       1d8       1%          1
b - Foxfire               Conj/Fire      100%       2x1d9     2%          1

Your spell library contained the following spells:

 Spells                   Type           Power      Damage    Failure   Level
 Shock                    Conj/Air       100%       1d9       3%          1
 Searing Ray              Conj           94%        2d7       1%          2
 Dazzling Flash           Conj/Hex       52%        N/A       10%         3
 Fulminant Prism          Conj/Hex       13%        3d9       32%         4
 Iskenderun's Mystic Bla  Conj/Tloc      26%        2d7       32%         4
 Portal Projectile        Hex/Tloc       6%         N/A       34%         3
 Tukima's Dance           Hex            3%         N/A       34%         3
 Blade Hands              Tmut           1%         N/A       97%         5


Dungeon Overview and Level Annotations

Branches:
Dungeon (2/15)

Altars:
Vehumet


Innate Abilities, Weirdness & Mutations

You cannot wear most types of armour.
You are amphibious.
You can wear up to eight rings at the same time.
Your skin changes colour to match your surroundings (Stealth+).
Your rubbery body absorbs attacks. (AC +1, EV +1)
((You are camouflaged when in or above water. (Stealth+)))
You have tentacles for arms and can constrict up to eight enemies at once.


Message History

The gnoll hits you from afar with a +0 spear.
* * * LOW HITPOINT WARNING * * *
Unknown command.
Found 4 large rocks and a hand axe.
The gnoll closely misses you.
Things that are here:
a +0 club; a +0 flail; a gnoll corpse Hit: c) staff of conjuration
Press: ? - help, Dir - move target, f - gnoll
Aim: a gnoll, wielding a +0 spear (about 37% to evade your staff of conjuration)
You hit the gnoll. Your grab misses the gnoll.
The gnoll is lightly wounded.
The gnoll closely misses you.
Unknown command.
Hit: c) staff of conjuration
Press: ? - help, Dir - move target, f/p - gnoll
Aim: a gnoll, wielding a +0 spear (lightly wounded, about 37% to evade your staff of conjuration)
You hit the gnoll but do no damage. Your grab misses the gnoll.
The gnoll is lightly wounded.
The gnoll barely misses you.
Unknown command.
Hit: c) staff of conjuration
Press: ? - help, Dir - move target, f/p - gnoll
Aim: a gnoll, wielding a +0 spear (lightly wounded, about 37% to evade your staff of conjuration)
You hit the gnoll. You grab the gnoll.
The gnoll is moderately wounded.
You constrict the gnoll, but do no damage.
The gnoll barely misses you.
Unknown command.
Hit: c) staff of conjuration
Press: ? - help, Dir - move target, f/p - gnoll
Aim: a gnoll, wielding a +0 spear (moderately wounded, constricted by you, about 7% to evade your staff of conjuration)
You hit the gnoll.
You blast the gnoll.
You tentacle-slap the gnoll. You squeeze the gnoll.
You kill the gnoll!
Vehumet accepts your kill.
You feel your power returning.
The gnoll throws a throwing net.
The throwing net barely misses you.
Unknown command.
The gnoll hits you with a +0 flail!
You die...

♣.###+###.♣ ##
.......() ##. ..♣....
###.. ♣)..♣.♣ .....
..... ###.. ♣...♣ ##.
###♣.g)♣ ###.. #.# ♣@♣
#.... #.##♣)♣ #+#
#.#.# ##.##.# #.#
#.#.# #.#.(# #.####
#.#.#
##.#.######....###.#..
#........#.........###
#..#####......†#####
#....# #.#...#.#
#.##.###.##..#.#


You could see a gnoll.

Vanquished Creatures
  Sigmund (D:2)
  Terence (D:2)
  Natasha (twice) (D:2)
  Robin (D:2)
  3 gnolls (D:2)
  2 worms (D:2)
  A ball python (D:2)
  6 endoplasms
  A giant cockroach (D:1)
  3 hobgoblins
  3 jackals (D:1)
  4 quokkas
  A bat (D:1)
  3 frilled lizards
  11 goblins
  4 rats
47 creatures vanquished.

Vanquished Creatures (others)
  12 foxfires
12 creatures vanquished.

Grand Total: 59 creatures vanquished

Notes
Turn   | Place    | Note
-------+----------+-------------------------------------------
     0 | D:1      | Sabo the Octopode Conjurer began the quest for the Orb.
     0 | D:1      | Reached XP level 1. HP: 11/11 MP: 3/3
   635 | D:1      | Reached XP level 2. HP: 17/17 MP: 1/5
   765 | D:1      | Found a faded altar of an unknown god.
   774 | D:1      | Prayed at the altar of an unknown god.
   774 | D:1      | Became a worshipper of Vehumet
   774 | D:1      | Reached * piety under Vehumet
   774 | D:1      | Offered knowledge of Foxfire by Vehumet.
   781 | D:1      | Learned a level 1 spell: Foxfire
  1270 | D:1      | Identified a scroll of acquirement
  1273 | D:1      | Acquired a staff of conjuration
  1434 | D:2      | Noticed Sigmund
  1438 | D:2      | Noticed Natasha
  1442 | D:2      | Killed Sigmund
  1443 | D:2      | Reached skill level 5 in Conjurations
  1443 | D:2      | Reached XP level 3. HP: 11/21 MP: 1/7
  1443 | D:2      | Reached XP level 4. HP: 14/27 MP: 1/8
  1443 | D:2      | Reached XP level 5. HP: 16/31 MP: 1/9
  1448 | D:2      | Killed Natasha
  1751 | D:2      | Noticed Terence
  1769 | D:2      | Killed Terence
  1770 | D:2      | Reached XP level 6. HP: 26/37 MP: 4/10
  1969 | D:2      | Noticed Natasha
  1972 | D:2      | Killed Natasha
  2069 | D:2      | Identified the +1 helmet of Sephapat {Rampage *Slow rPois
                  | Int+2}
  2069 | D:2      | Noticed Robin
  2073 | D:2      | Reached skill level 6 in Conjurations
  2079 | D:2      | Killed Robin
  2081 | D:2      | Reached ** piety under Vehumet
  2081 | D:2      | Offered knowledge of Shock by Vehumet.
  2695 | D:2      | Slain by a gnoll

Illustrated notes

Levels and vault maps discovered:
D:1:      evilmike_arrival_rings, layout_basic,
          shapermc_ecumenical_altar_hornbeckon, chequers_mini_garden
D:2:      layout_loops_corners, pf_guarded_unrand_woodcutter, uniq_robin,
          uniq_sigmund, uniq_terence, uniq_natasha

Skill      XL: |  1  2  3  4  5  6 |
---------------+-------------------+-----
Stealth        | 3 |  3.8
Conjurations   | 5 6 |  6.1
Spellcasting   | 3 |  3.2
Fighting       | |  0.3
Staves         | |  0.4
Dodging        | |  2.9
Fire Magic     | |  0.6

Action                     |  1- 3 |  4- 6 || total
---------------------------+-------+-------++-------
  Melee: Dagger            |    11 |       ||    11
         Constrict         |     3 |     7 ||    10
         Tentacles         |     4 |     6 ||    10
         Staff             |     2 |    37 ||    39
         Punch             |       |     1 ||     1
  Throw: Dart              |     1 |       ||     1
   Cast: Magic Dart        |    22 |    50 ||    72
         Foxfire           |     7 |       ||     7
    Use: Scroll            |     4 |       ||     4
         Potion            |       |     1 ||     1
 Armour: Skin              |       |    11 ||    11
  Dodge: Dodged            |     3 |    31 ||    34

Table legend: (Time is in decaauts)
 A = Elapsed time spent in this place.
 B = Non-inter-level travel time spent in this place.
 C = Inter-level travel time spent in this place.
 D = Time resting spent in this place.
 E = Time spent auto-exploring this place.
 F = Levels seen in this place.
 G = Mean time per level.
                   A        B        C        D        E       F      G
               +--------+--------+--------+--------+--------+-----+--------+
         Total |   2701 |   2701 |      0 |   1014 |      0 |   2 | 1350.5 |
       Dungeon |   2701 |   2701 |      0 |   1014 |      0 |   2 | 1350.5 |
               +--------+--------+--------+--------+--------+-----+--------+

Top non-repeatable levels by time:
     D:2: 1418 daAuts
     D:1: 1282 daAuts
